 Dungeon Crawl Stone Soup version 0.31-a0-1338-gb567cfdca4 (webtiles) character file.

Game seed: 8381690168616987042

374 voltaire321 the Magician (level 6, 0/34 HPs)
             Began as a Deep Elf Earth Elementalist on Dec 22, 2023.
             Succumbed to a hornet's poison
             ... while paralysed by a hornet
             ... on level 4 of the Dungeon.
             The game lasted 00:09:43 (2873 turns).

voltaire321 the Magician (DEEE)                     Turns: 2873, Time: 00:09:43

Health: 0/34       AC:  5    Str:  7    XL:     6   Next: 43%
Magic:  12/23      EV:  2    Int: 26    God:
Gold:   230        SH:  0    Dex: 15    Spells: 7/13 levels left

rFire   . . .        f - +1 dagger (elec)
rCold   . . .        h - +0 buckler
rNeg    . . .        r - +2 leather armour {rPois}
rPois   +            (no helmet)
rElec   .            (no cloak)
rCorr   .            (no gloves)
SInv    .            (no boots)
Will    .....        l - amulet of reflection
Stlth   ++           j - ring of magical power
HPRegen 0.25/turn    n - +6 ring of intelligence
MPRegen 0.18/turn

%: reflection
@: paralysed, lethally poisoned (0 -> -8), very slightly contaminated, studying
Axes
A: no striking features
a: no special abilities


You were on level 4 of the Dungeon.
You visited 1 branch of the dungeon, and saw 4 of its levels.

You collected 230 gold pieces.

Inventory:

Hand Weapons
 f - a +1 dagger of electrocution (weapon)
Armour
 a - a +0 robe
 h - a +0 buckler (worn)
 r - a +2 leather armour of poison resistance (worn)
 s - a +0 troll leather armour {Pargi}
Jewellery
 j - a ring of magical power (left hand)
 l - an amulet of reflection (around neck)
 n - a +6 ring of intelligence (right hand)
Wands
 q - a wand of paralysis (8)
Scrolls
 c - a scroll of poison {unknown}
 d - a scroll of enchant weapon {unknown}
 i - 2 scrolls of identify {unknown}
 m - a scroll of revelation {unknown}
 o - 2 scrolls of noise
 p - a scroll of brand weapon {unknown}
Potions
 b - 2 potions of magic
 e - 3 potions of curing {unknown}
 g - a potion of ambrosia {unknown}
 k - a potion of degeneration {unknown}


   Skills:
 + Level 1.5 Fighting
 + Level 1.5 Armour
 + Level 3.6 Dodging
 + Level 3.8 Stealth
 + Level 1.2 Shields
 + Level 4.3 Spellcasting
 + Level 1.3 Conjurations
 + Level 4.1 Earth Magic
 + Level 2.6 Alchemy


You had 7 spell levels left.
You knew the following spells:

 Your Spells              Type           Power      Damage    Failure   Level
a - Sandblast             Erth           54%        2d13      3%          1
b - Passwall              Alch/Erth      19%        N/A       8%          2
c - Stone Arrow           Conj/Erth      38%        3d9       21%         3

Your spell library contained the following spells:

 Spells                   Type           Power      Damage    Failure   Level
 Necrotise                Necr           20%        1d5       21%         1
 Cigotuvi's Dreadful Rot  Necr/Alch/Air  20%        N/A       22%         2
 Petrify                  Alch/Erth      23%        N/A       45%         4
 Vampiric Draining        Necr           5%         2d6       52%         3
 Brom's Barrelling Bould  Conj/Erth      19%        2d4       54%         4
 Ignite Poison            Fire/Alch      12%        N/A       75%         4
 Agony                    Necr           5%         N/A       99%         5
 Freezing Cloud           Conj/Ice/Air   3%         6-21      99%         5


Dungeon Overview and Level Annotations

Branches:
Dungeon (4/15)             Temple (0/1) D:4

Altars:
Makhleb
Trog

Annotations:
D:4 Edmund, Sigmund


Message History

Aim: a hornet (74% to hit)
The blast of sand misses the hornet.
A scorpion comes into view.
Aiming: Sandblast (safe; 3% risk of failure)
Press: ? - help, Q - select action, (/) - cycle Shift-Dir - straight line, f/p - hornet
Aim: a hornet (74% to hit)
The blast of sand hits the hornet.
The hornet is lightly wounded.
The hornet barely misses you.
The hornet stings you but does no damage.
Casting: Sandblast (safe; 3% risk of failure)
Confirm with . or Enter, or press ? or * to list all spells.
Aiming: Stone Arrow (quite dangerous; 21% risk of failure)
Press: ? - help, Shift-Dir - straight line, f/p - hornet
Aim: a hornet (lightly wounded, 52% to hit)
The stone arrow hits the hornet!!
The hornet is severely wounded.
The hornet stings you!
Casting: Stone Arrow (quite dangerous; 21% risk of failure)
Confirm with . or Enter, or press ? or * to list all spells.
Aiming: Stone Arrow (quite dangerous; 21% risk of failure)
Press: ? - help, Shift-Dir - straight line, f/p - hornet
Aim: a hornet (severely wounded, 52% to hit)
You miscast Stone Arrow.
You are very lightly contaminated with residual magic.
Nothing appears to happen.
The hornet stings you! x2
* * * LOW HITPOINT WARNING * * *
You are lethally poisoned!
Casting: Stone Arrow (quite dangerous; 21% risk of failure)
Confirm with . or Enter, or press ? or * to list all spells.
Aiming: Stone Arrow (quite dangerous; 21% risk of failure)
Press: ? - help, Shift-Dir - straight line, f/p - hornet
Aim: a hornet (severely wounded, 52% to hit)
You miscast Stone Arrow.
Nothing appears to happen.
* * * LOW HITPOINT WARNING * * *
You feel very sick. The hornet stings you.
* * * LOW HITPOINT WARNING * * *
You suddenly lose the ability to move!
You die...

#... .....##..##......# +...
......#.#......+ #.>.
...#.#.#.....#
...#...#########.#.##.#....#
#......<............#.#..###
#................##.##...+
#................#.#.#...#
+.................##.##..####..
#........†.....@#...#.#........
######........y.###..#)........
#........s.# #...#........
###+##.....# #............
+.....# ##........... #.....#
##########.. #.....# ## #.....#
.....


You could see a hornet and a scorpion.

Vanquished Creatures
  Pargi (D:3)
  An orc priest (D:3)
  Ijyb (D:3)
  2 orc wizards
  Robin (D:3)
  7 adders
  2 worms (D:3)
  A dart slug (D:1)
  11 orcs
  4 ball pythons
  6 bats
  6 endoplasms
  4 giant cockroaches
  12 goblins
  8 hobgoblins
  3 jackals (D:1)
  5 kobolds
  5 quokkas
  2 frilled lizards
  6 rats
  A butterfly (D:3)
89 creatures vanquished.

Notes
Turn   | Place    | Note
-------+----------+-------------------------------------------
     0 | D:1      | voltaire321 the Deep Elf Earth Elementalist began the quest
                  | for the Orb.
     0 | D:1      | Reached XP level 1. HP: 10/10 MP: 6/6
    94 | D:1      | Reached XP level 2. HP: 15/15 MP: 5/8
   384 | D:1      | Learned a level 2 spell: Passwall
   394 | D:1      | Reached XP level 3. HP: 18/20 MP: 6/9
   831 | D:2      | Reached skill level 1 in Fighting
   942 | D:2      | Reached skill level 1 in Armour
   942 | D:2      | Reached XP level 4. HP: 25/25 MP: 9/11
  1247 | D:2      | Learned a level 3 spell: Stone Arrow
  1646 | D:2      | Found a faded altar of an unknown god.
  1878 | D:3      | Reached XP level 5. HP: 29/29 MP: 12/12
  1881 | D:3      | Noticed Robin
  1904 | D:3      | Killed Robin
  2180 | D:3      | Noticed Ijyb
  2180 | D:3      | Noticed Pargi
  2201 | D:3      | Paralysed by Ijyb for 3 turns
  2208 | D:3      | Paralysed by Ijyb for 2 turns
  2216 | D:3      | Paralysed by Ijyb for 2 turns
  2224 | D:3      | Killed Ijyb
  2225 | D:3      | Reached skill level 1 in Shields
  2538 | D:3      | Found a burning altar of Makhleb.
  2553 | D:3      | Killed Pargi
  2554 | D:3      | Reached skill level 1 in Conjurations
  2554 | D:3      | Reached XP level 6. HP: 34/34 MP: 14/14
  2606 | D:3      | Found a bloodstained altar of Trog.
  2758 | D:4      | Found a staircase to the Ecumenical Temple.
  2760 | D:4      | Noticed a hornet
  2760 | D:4      | Noticed Sigmund
  2802 | D:4      | Noticed Edmund
  2872 | D:4      | Paralysed by a hornet for 2 turns
  2873 | D:4      | Succumbed to a hornet's poison

Illustrated notes

Levels and vault maps discovered:
D:1:      lemuel_arrival_rhombus, layout_basic, minmay_box_of_dots
D:2:      layout_basic, dreamdust_ecumenical_altar_angels_and_demons,
          serial_curves, eino_curves_04, eino_curves_03, eino_curves_04,
          eino_curves_03
D:3:      layout_rooms, mainiacjoe_overflow_catch_the_wave, uniq_ijyb,
          uniq_robin, uniq_pargi
D:4:      layout_gridville, minmay_temple_entry_butterflies, minmay_manual_mess,
          uniq_sigmund, uniq_edmund

Skill      XL: |  1  2  3  4  5 |
---------------+----------------+-----
Stealth        | 3 |  3.8
Fighting       | 1 |  1.5
Armour         | 1 |  1.5
Alchemy        | 2 |  2.6
Dodging        | 3 |  3.6
Spellcasting   | 4 |  4.3
Shields        | 1 |  1.2
Conjurations   | 1 |  1.3
Earth Magic    | 4 |  4.1

Action                     |  1- 3 |  4- 6 || total
---------------------------+-------+-------++-------
  Melee: Dagger            |     9 |    28 ||    37
   Cast: Sandblast         |    36 |    85 ||   121
         Stone Arrow       |       |     1 ||     1
    Use: Scroll            |       |     1 ||     1
 Armour: Robe              |    12 |    33 ||    45
         Leather armour    |       |     6 ||     6
  Dodge: Dodged            |    14 |    37 ||    51
  Block: Buckler           |       |    23 ||    23

Table legend: (Time is in decaauts)
 A = Elapsed time spent in this place.
 B = Non-inter-level travel time spent in this place.
 C = Inter-level travel time spent in this place.
 D = Time resting spent in this place.
 E = Time spent auto-exploring this place.
 F = Levels seen in this place.
 G = Mean time per level.
                   A        B        C        D        E       F      G
               +--------+--------+--------+--------+--------+-----+--------+
         Total |   2935 |   2798 |    137 |    488 |   1577 |   4 |  733.8 |
       Dungeon |   2935 |   2798 |    137 |    488 |   1577 |   4 |  733.8 |
               +--------+--------+--------+--------+--------+-----+--------+

Top non-repeatable levels by time:
     D:2: 1146 daAuts
     D:3: 904 daAuts
     D:1: 838 daAuts
     D:4: 46 daAuts
